 Dungeon Crawl Stone Soup version 0.31.0-10-gcf4a605ca0 (webtiles) character file.

Game seed: 10631809843935183237

22 DeltaZero the Trooper (level 2, -20/24 HPs)
             Began as a Human Fighter on Jan 25, 2024.
             Killed by an exploding adder (22 damage)
             ... ignited by their inner flame
             ... on level 2 of the Dungeon.
             The game lasted 00:06:38 (1391 turns).

DeltaZero the Trooper (Human Fighter)               Turns: 1391, Time: 00:06:39

Health: -20/24     AC:  9    Str: 16    XL:     2   Next: 91%
Magic:  2/2        EV:  7    Int:  8    God:
Gold:   79         SH:  4    Dex: 12    Spells: 1/1 levels left

rFire   . . .        a - +0 long sword
rCold   . . .        c - +0 buckler
rNeg    . . .        k - +0 chain mail
rPois   .            (no helmet)
rElec   .            (no cloak)
rCorr   .            (no gloves)
SInv    .            (no boots)
Will    .....        (no amulet) Stlth
                     (no ring)
HPRegen 0.24/turn    (no ring)
MPRegen 0.08/turn

%: no passive effects
@: weak-willed
A: explore regen
a: no special abilities


You were on level 2 of the Dungeon.
You visited 1 branch of the dungeon, and saw 2 of its levels.

You collected 79 gold pieces.

Inventory:

Hand Weapons
 a - a +0 long sword (weapon)
Missiles
 e - 16 stones (quivered)
Armour
 b - a +0 scale mail
 c - a +0 buckler (worn)
 k - a +0 chain mail (worn)
 n - an orb of mayhem
Jewellery
 l - a +6 ring of dexterity
Scrolls
 f - a scroll of vulnerability
 h - a scroll of enchant weapon {unknown}
 i - a scroll of fear {unknown}
 m - a scroll of poison {unknown}
Potions
 d - a potion of might


   Skills:
 + Level 3.4 Fighting
 + Level 2.2 Long Blades
 + Level 3.2 Armour
 + Level 0.2 Dodging
 + Level 3.1 Shields


You had one spell level left.
You didn't know any spells.
Your spell library contained the following spells:

 Spells                   Type           Power      Damage    Failure   Level
 Call Canine Familiar     Summ           0%         N/A       100%        3
 Sigil of Binding         Hex            0%         N/A       100%        3
 Dimensional Bullseye     Hex/Tloc       0%         N/A       100%        4


Dungeon Overview and Level Annotations

Branches:
Dungeon (2/15)

Altars:


Innate Abilities, Weirdness & Mutations

You regain HP and MP as you explore.


Message History

The adder bites you.
* * * LOW HITPOINT WARNING * * *
You closely miss the adder.
The adder is almost dead.
The adder bites you but does no damage. The adder bites you.
* * * LOW HITPOINT WARNING * * *
You are poisoned.
The adder poisons you!
You hit the adder but do no damage.
The adder is almost dead.
You feel sick. The adder bites you but does no damage.
The adder barely misses you.
You miss the adder.
The adder is almost dead.
You feel sick. The adder bites you but does no damage.
As you read the scroll labelled RUDIUCVALIV, it crumbles to dust.
A wave of despondency washes over your surroundings.
It was a scroll of vulnerability.
You feel sick.
You are no longer poisoned.
The adder bites you but does no damage. x2
You closely miss the adder.
The adder is almost dead.
The adder closely misses you.
As you read the scroll labelled JOGULUACAP, it crumbles to dust.
It is a scroll of identify.
j - a scroll of immolation The adder bites you.
* * * LOW HITPOINT WARNING * * *
You block the adder's attack.
As you read the scroll of immolation, it crumbles to dust.
The creatures around you are filled with an inner flame!
The adder barely misses you.
You completely miss the adder.
The adder is almost dead.
The adder bites you but does no damage. You block the adder's attack.
You slash the adder!
The adder explodes!
The fiery explosion engulfs you!!
Ouch! That really hurt!
You die...

####### #.....# #.###'##
########.##~~~###
....##....'~~~'.####
..........#~~~#.@)b#####
..........##+#####SK...#
.............# #.....#
.........[...#####.....#
.............#.....[...#
.............#.###.....#
....>........# #.....#
............## #.....#
.....#.....## ##.#.l..


You could see a bat (inner flame, weak-willed), a ball python (inner flame,
weak-willed) and a kobold (inner flame, weak-willed).

Vanquished Creatures
  An adder (D:2)
  A ribbon worm (D:2)
  2 bats (D:1)
  An endoplasm (D:1)
  3 hobgoblins (D:1)
  2 quokkas
  2 ball pythons (D:2)
  2 frilled lizards (D:1)
  2 goblins
  3 kobolds (D:1)
  A rat (D:1)
20 creatures vanquished.

Notes
Turn   | Place    | Note
-------+----------+-------------------------------------------
     0 | D:1      | DeltaZero the Human Fighter began the quest for the Orb.
     0 | D:1      | Reached XP level 1. HP: 18/18 MP: 1/1
   414 | D:1      | Reached XP level 2. HP: 24/24 MP: 2/2
  1391 | D:2      | Killed by an exploding adder... ignited by their inner
                  | flame

Illustrated notes

Levels and vault maps discovered:
D:1:      dpeg_arrival_another_circle, layout_basic, serial_co_window_serial,
          co_window_paths_a, co_window_cross_1, co_window_corner_a,
          co_window_cross_1, co_window_paths_b, co_window_paths_b,
          co_window_of_opportunity_a, co_window_paths_c,
          co_window_unsneaky_path_b, co_window_corner_b,
          co_window_unsneaky_path_d, co_window_cross_4, co_window_broadway_b,
          glass_columns_b, glass_columns_a, glass_columns_a, glass_columns_b,
          glass_columns_c, grunt_decor_arrowhead
D:2:      layout_rooms, basic_altar, minmay_liquid_box, uniq_sigmund

Action                     || total
---------------------------++-------
  Melee: Long sword        ||    88
  Throw: Stone             ||     2
    Use: Scroll            ||     3
 Armour: Scale mail        ||    25
         Chain mail        ||    52
  Dodge: Dodged            ||    47
  Block: Buckler           ||    22
